 Dungeon Crawl Stone Soup version 0.32-a0-576-g706899e69d (webtiles) character file.

Game seed: 2068915421716904840

3872 BeKind the Fighter (level 10, 0/74 HPs)
             Began as an Octopode Fighter on Mar 1, 2024.
             Was an Initiate of Gozag.
             Slain by an orc warrior
             ... wielding a +0 hand axe
              (8 damage)
             ... on level 8 of the Dungeon.
             The game lasted 00:11:23 (6868 turns).

BeKind the Fighter (Octopode Fighter)               Turns: 6868, Time: 00:11:24

Health: 0/74       AC:  5    Str: 22    XL:     10   Next: 19%
Magic:  10/10      EV: 16    Int: 11    God:    Gozag
Gold:   1177       SH:  6    Dex: 15    Spells: 9/9 levels left

rFire   x . .        a - +0 trident
rCold   . . .        b - +0 buckler
rNeg    . . .        (helmet restricted)
rPois   .            (no amulet)
rElec   .            g - +6 ring of strength
rCorr   .            f - +4 ring of protection
SInv    .            (no ring)
Will    .....        (no ring)
Stlth   ++           (no ring)
HPRegen 0.32/turn    (no ring)
MPRegen 0.12/turn    (no ring)
                     (no ring)

%: no passive effects
@: spiked, gold aura, attractive
A: almost no armour, amphibious, 8 rings, camouflage 1, gelatinous body 1,
(nimble swimmer 1), tentacles, heat vulnerability 1
a: Renounce Religion, Potion Petition, Call Merchant, Bribe Branch


You were on level 8 of the Dungeon.
You worshipped Gozag.
Gozag was most pleased with you.
You visited 1 branch of the dungeon, and saw 8 of its levels.
You also visited: Bailey.

You collected 1197 gold pieces.
You paid 20 gold pieces to Gozag.

Inventory:

Hand Weapons
 a - a +0 trident (weapon)
Armour
 b - a +0 buckler (worn)
Jewellery
 f - a +4 ring of protection (right tentacle)
 g - a +6 ring of strength (left tentacle)
 j - the amulet "Xaclom" {RegenMP+ Str+2}
   (You took it off an orc wizard on level 7 of the Dungeon)

   [amulet of magic regeneration]

   It increases your rate of magic regeneration.
   Str+2:     It affects your strength (+2).
   RegenMP+:  It increases your rate of magic regeneration.
 k - a +4 ring of protection
 u - an amulet of the acrobat
Wands
 i - a wand of digging (5)
 p - a wand of polymorph (33)
 s - a wand of acid (11)
Scrolls
 d - 2 scrolls of blinking {unknown}
 h - 2 scrolls of teleportation
 n - 2 scrolls of poison
 o - a scroll of vulnerability
 r - a scroll of fog
 t - a scroll of brand weapon {unknown}
Potions
 e - a potion of might
 q - a potion of brilliance
 v - 2 potions of curing


   Skills:
 * Level 9.5 Fighting
 + Level 6.7 Polearms
 + Level 7.1 Dodging
 + Level 7.1 Shields


You had 9 spell levels left.
You didn't know any spells.
Your spell library contained the following spells:

 Spells                   Type           Power      Damage    Failure   Level
 Ensorcelled Hibernation  Hex/Ice        0%         N/A       54%         2
 Lesser Beckoning         Tloc           0%         N/A       54%         2
 Gell's Gravitas          Tloc           0%         N/A       77%         3
 Ozocubu's Armour         Ice            0%         N/A       77%         3
 Passwall                 Erth           0%         N/A       77%         3
 Swiftness                Air            0%         N/A       77%         3
 Teleport Other           Tloc           0%         N/A       77%         3
 Metabolic Englaciation   Hex/Ice        0%         N/A       100%        5
 Sculpt Simulacrum        Ice/Alch       0%         N/A       100%        6
 Haunt                    Necr/Summ      0%         N/A       100%        7
 Infestation              Necr           0%         N/A       100%        8
 Animate Dead             Necr           Unusable   N/A       N/A         4

Dungeon Overview and Level Annotations

Branches:
Dungeon (8/15)             Temple (0/1) D:4          Bailey (visited)
   Lair: D:8-11

Altars:
Gozag
Hepliaklqana
Kikubaaqudgha
Nemelex Xobeh

Shops:
D:2 (


Innate Abilities, Weirdness & Mutations

You cannot wear most types of armour.
You are amphibious.
You can wear up to eight rings at the same time.
Your skin changes colour to match your surroundings (Stealth+).
Your rubbery body absorbs attacks. (AC +1, EV +1)
((You are camouflaged when in or above water. (Stealth+)))
You have tentacles for arms and can constrict up to eight enemies at once.
You are vulnerable to heat. (rF-)


Message History

You are no longer poisoned.
The manticore flicks its tail.
The volley of spikes skewers you!
Barbed spikes become lodged in your body.
* * * LOW HITPOINT WARNING * * *
Okay, then.
As you read the scroll of teleportation, it crumbles to dust.
You feel strangely unstable.
The manticore flicks its tail.
The volley of spikes skewers you!
More barbed spikes become lodged in your body.
* * * LOW HITPOINT WARNING * * *
As you read the scroll of fear, it crumbles to dust.
You assume a fearsome visage.
The manticore looks frightened!
The acid dragon looks frightened!
Your surroundings suddenly seem different.
An orc warrior, an orc wizard and an orc priest come into view.
The orc priest is wielding a +1 hand axe of freezing.
Found 3 boomerangs.
The helpless orc priest fails to defend itself.
You puncture the orc priest! You grab the orc priest.
You squeeze the orc priest, but do no damage.
The orc priest is heavily wounded.
You constrict the orc priest.
The orc priest casts a cantrip, but nothing happens.
You puncture the orc priest!
You kill the orc priest!
Okay, then.
It was a potion of attraction.
You feel attractive to monsters.
The orc warrior is attracted toward you.
The orc wizard is attracted toward you.
The helpless orc warrior fails to defend itself.
You hit the orc warrior but do no damage.
You grab the orc warrior. You squeeze the orc warrior!
The orc warrior is moderately wounded.
You constrict the orc warrior.
The orc warrior hits you with a +0 hand axe!
You die...
Your body crumbles into a pile of gold.

#. #. ## #. # #
..#.
.####.###.###o#
.#.
.......@o.oo...
.D
#####.###.###.#
#. # # #. #. #.
##. #. ≈≈≈..#.
≈§§≈.## #§§§#


You could see an orc warrior and an orc wizard (asleep).

Vanquished Creatures
  Prince Ribbit (D:6)
  A wyvern (D:7)
  Eustachio (D:6)
  Duvessa (D:6)
  A water moccasin (D:5)
  2 black bears
  4 orc warriors
  A sky beast (D:7)
  An ogre (D:4)
  3 phantoms (D:6)
  2 centaurs (D:7)
  2 kobold brigands
  4 bullfrogs
  5 scorpions
  A water moccasin zombie (D:6)
  4 wights (D:6)
  Dowan (D:6)
  A killer bee (D:8)
  A bombardier beetle (D:5)
  3 howler monkeys
  A bullfrog zombie (D:6)
  3 hounds
  4 orc priests
  A gnoll bouda (D:6)
  4 iguanas
  4 sleepcaps
  3 orc wizards
  A centaur simulacrum (D:6)
  A spectral howler monkey (D:6)
  13 adders
  7 gnolls
  2 shadow imps (D:5)
  A white imp (D:6)
  4 ufetubi (D:7)
  2 dart slugs
  8 orcs
  11 bats
  3 endoplasms
  3 giant cockroaches
  5 hobgoblins
  13 kobolds
  3 quokkas
  6 ball pythons
  8 goblins
  6 rats
157 creatures vanquished.

Notes
Turn   | Place    | Note
-------+----------+-------------------------------------------
     0 | D:1      | BeKind the Octopode Fighter began the quest for the Orb.
     0 | D:1      | Reached XP level 1. HP: 16/16 MP: 1/1
   141 | D:1      | Reached XP level 2. HP: 21/21 MP: 2/2
   560 | D:2      | Reached XP level 3. HP: 26/26 MP: 3/3
   746 | D:2      | Found an opulent altar of Gozag.
   850 | D:2      | Became a worshipper of Gozag Ym Sagoz the Greedy
  1013 | D:2      | Found Curasowa's Antique Weapon Boutique.
  1422 | D:3      | Found a sparkling altar of Nemelex Xobeh.
  1599 | D:3      | Reached XP level 4. HP: 31/31 MP: 4/4
  2133 | D:4      | Found an ancient bone altar of Kikubaaqudgha.
  2140 | D:4      | Noticed an ogre
  2253 | D:4      | Noticed a bullfrog
  2261 | D:4      | Killed a bullfrog
  2262 | D:4      | Reached skill level 4 in Fighting
  2262 | D:4      | Reached XP level 5. HP: 29/37 MP: 5/5
  2549 | D:4      | Reached XP level 6. HP: 42/44 MP: 6/6
  2604 | D:4      | Found a staircase to the Ecumenical Temple.
  2776 | D:4      | Reached skill level 5 in Fighting
  2847 | D:4      | Reached XP level 7. HP: 21/50 MP: 7/7
  3236 | D:5      | Entered Level 5 of the Dungeon
  3272 | D:5      | Gained mutation: You are vulnerable to heat. (rF-) [potion
                  | of mutation]
  3361 | D:5      | Identified the +8 long sword "Asoby" {venom, +Blink Fly
                  | Str-4 Int+2}
  3876 | D:5      | Reached skill level 6 in Fighting
  3941 | D:5      | Reached skill level 5 in Dodging
  3941 | D:5      | Reached XP level 8. HP: 56/57 MP: 8/8
  3944 | D:5      | Reached skill level 5 in Shields
  3999 | D:5      | Found the +11 Singing Sword {sonic wave}
  4446 | D:6      | Found an opulent altar of Gozag.
  4468 | D:6      | Reached skill level 7 in Fighting
  4468 | D:6      | Reached skill level 5 in Polearms
  4670 | D:6      | Noticed Prince Ribbit
  4678 | D:6      | Killed Prince Ribbit
  4679 | D:6      | Reached XP level 9. HP: 51/64 MP: 9/9
  4852 | D:6      | Noticed Eustachio
  4860 | D:6      | Killed Eustachio
  4944 | D:6      | Identified the +2 helmet "Teyfral" {Will+ Regen+ MP+9
                  | Int-5}
  5119 | D:6      | Reached skill level 8 in Fighting
  5126 | D:6      | Noticed Duvessa
  5132 | D:6      | Noticed Dowan
  5139 | D:6      | Killed Duvessa
  5148 | D:6      | Killed Dowan
  5395 | D:6      | Identified the +6 dagger of Uruast {pain, rN+ Will+ Str+3}
  5725 | D:7      | Found a flagged portal.
  5746 | Bailey   | Entered a bailey
  5999 | Bailey   | Reached skill level 9 in Fighting
  6413 | D:7      | Reached XP level 10. HP: 59/74 MP: 10/10
  6534 | D:7      | Identified the amulet "Xaclom" {RegenMP+ Str+2}
  6776 | D:7      | Found a hazy altar of Hepliaklqana.
  6844 | D:8      | Noticed a manticore
  6868 | D:8      | Slain by an orc warrior

Illustrated notes

Levels and vault maps discovered:
D:1:      evilmike_arrival_crescent, layout_basic
D:2:      layout_basic, serial_shops, nicolae_lakefront_shop, basic_altar,
          nicolae_hexahallways, minmay_tree_intersection
D:3:      layout_basic, nemelex_spade_bored_becter, minmay_ruptured
D:4:      layout_loops_ring, mainiacjoe_overflow_chevrons,
          minmay_temple_entry_arrows
D:5:      old_forge, layout_loops_ring
D:6:      layout_loops_corners, nicolae_gozag_seed_capital,
          dilly_guarded_unrand_morg, uniq_duvessa, uniq_eustachio,
          uniq_prince_ribbit1
D:7:      layout_rooms, mainiacjoe_overflow_paths, enter_bailey_6,
          moated_statue, serial_bayou_pond_d, minmay_misc_feat_nine_boxes,
          kennysheep_potato
D:8:      layout_basic, kennysheep_island_fort

Skill      XL: |  1  2  3  4  5  6  7  8  9 10 |
---------------+-------------------------------+-----
Fighting       | 4 5 6 7 9 |  9.5
Polearms       | 3 4 5 6 |  6.7
Dodging        | 4 5 6 7 |  7.1
Shields        | 4 5 6 7 |  7.1

Action                     |  1- 3 |  4- 6 |  7- 9 | 10-12 || total
---------------------------+-------+-------+-------+-------++-------
  Melee: Trident           |    66 |    79 |   259 |    48 ||   452
         Tentacles         |     3 |    15 |    54 |    16 ||    88
         Constrict         |    10 |    21 |    52 |    12 ||    95
    Use: Potion            |       |     1 |    12 |     1 ||    14
         Scroll            |       |       |     8 |     4 ||    12
   Stab: Sleeping          |    11 |     3 |     9 |     2 ||    25
         Distracted        |     1 |     2 |     1 |       ||     4
         Invisible         |       |       |     7 |       ||     7
 Armour: Skin              |    11 |    19 |   105 |    25 ||   160
  Dodge: Dodged            |    28 |    25 |   108 |    48 ||   209
  Block: Buckler           |     7 |    14 |    38 |    26 ||    85

Table legend: (Time is in decaauts)
 A = Elapsed time spent in this place.
 B = Non-inter-level travel time spent in this place.
 C = Inter-level travel time spent in this place.
 D = Time resting spent in this place.
 E = Time spent auto-exploring this place.
 F = Levels seen in this place.
 G = Mean time per level.
                   A        B        C        D        E       F      G
               +--------+--------+--------+--------+--------+-----+--------+
         Total |   6896 |   6299 |    597 |    117 |   5007 |   9 |  766.2 |
       Dungeon |   6619 |   6022 |    597 |    117 |   4799 |   8 |  827.4 |
        Bailey |    277 |    277 |      0 |      0 |    208 |   1 |  277.0 |
               +--------+--------+--------+--------+--------+-----+--------+

Top non-repeatable levels by time:
     D:6: 1450 daAuts
     D:5: 1123 daAuts
     D:4: 1009 daAuts
     D:3: 856 daAuts
     D:2: 848 daAuts
     D:7: 744 daAuts
     D:1: 550 daAuts
  Bailey: 277 daAuts
     D:8: 35 daAuts
